Map: Lightshade LE

Players

maru - Winner!

  • Race: Terran Terran

Serral

  • Race: Zerg Zerg

Event: ASUS ROG Fall 2021

VOD

Have the link to the VOD?

Description

Time

  • Played on: Sept. 19, 2021, 11:37 a.m.
  • Length: 11:16

All games in this series

Show
View Real Time Build Order
Export as new Build Order

maru Terran - Winner!

Build Orders: Reaper Expand 

Get SALT Encoding   

  12  0:00  SCV  
  13  0:12  SCV  
  14  0:17  Supply Depot  
  14  0:24  SCV  
  15  0:38  SCV  
  15  0:40  Barracks  
  16  0:42  Refinery  
  16  0:50  SCV  
  17  1:02  SCV  
  18  1:15  SCV  
  19  1:27  Reaper  
  19  1:28  Orbital Command  
  20  1:38  Command Center  
  20  1:50  Barracks  
  20  1:53  SCV  
  21  2:00  Barracks Reactor  
  21  2:05  SCV  
  22  2:09  Supply Depot  
  22  2:12  Refinery  
  22  2:17  SCV  
  23  2:28  Factory  
  23  2:30  SCV  
  24  2:40  Marine x2, Barracks Tech Lab  
  24  2:42  SCV  
  26  2:51  Orbital Command  
  26  2:54  SCV  
  27  2:59  Marine, Stimpack  
  27  3:01  Marine  
  27  3:03  Marine  
  30  3:06  SCV  
  31  3:17  SCV  
  31  3:18  SCV  
  31  3:19  Marine x2  
  35  3:21  Marine  
  35  3:25  Starport  
  36  3:28  Factory Reactor  
  36  3:29  SCV  
  36  3:31  SCV  
  38  3:34  Supply Depot  
  38  3:37  Marine  
  38  3:38  Marine  
  38  3:39  Marine  
  41  3:41  SCV  
  41  3:44  SCV  
  43  3:52  Supply Depot  
  43  3:53  SCV  
  44  3:56  Marine x2  
  44  3:57  Marine  
  44  3:59  Supply Depot  
  47  4:03  SCV  
  47  4:05  SCV  
  47  4:08  Medivac x2  
  53  4:15  SCV  
  53  4:16  Marine x2  
  53  4:17  Marine, SCV  
  58  4:30  Command Center  
  58  4:32  SCV x2  
  58  4:38  Armory  
  60  4:41  Supply Depot  
  60  4:44  SCV  
  61  4:46  Marine x2, SCV  
  61  4:47  Marine  
  61  4:52  Widow Mine, Medivac  
  69  5:01  SCV  
  69  5:02  Refinery, SCV  
  69  5:03  Refinery  
  71  5:10  Factory  
  71  5:11  Supply Depot  
  71  5:13  SCV  
  72  5:14  SCV  
  72  5:17  Marine x2  
  72  5:18  Marine  
  76  5:28  Combat Shield, Factory Tech Lab  
  72  5:35  Marine x3  
  72  5:36  SCV  
  72  5:38  Starport Reactor  
  76  5:45  Engineering Bay x2  
  76  5:46  Orbital Command  
  76  5:53  Marine x3  
  76  5:55  Drilling Claws  
  76  5:56  Widow Mine x3  
  83  6:05  SCV  
  83  6:11  Marine x2  
  85  6:13  Terran Infantry Armor Level 1, Terran Infantry Weapons Level 1  
  85  6:14  Orbital Command, Barracks  
  85  6:16  Medivac  
  88  6:19  SCV x2  
  88  6:20  Supply Depot x2  
  88  6:23  Medivac  
  94  6:26  Widow Mine  
  94  6:27  Widow Mine  
  94  6:31  SCV  
  96  6:33  SCV, Widow Mine  
  92  6:40  SCV  
  92  6:43  Marine, SCV, Supply Depot  
  92  6:44  Marine x2  
  92  6:45  SCV  
  98  6:49  Medivac  
  98  6:51  Widow Mine x2  
  104  6:55  Siege Tank  
  104  6:57  SCV x3  
  110  7:09  Barracks Reactor, SCV  
  110  7:10  SCV x2  
  110  7:12  Barracks x2  
  110  7:13  Supply Depot  
  110  7:15  Supply Depot  
  113  7:20  Widow Mine x2  
  117  7:23  SCV  
  117  7:26  SCV x2  
  117  7:28  Widow Mine  
  120  7:35  SCV  
  121  7:38  SCV  
  121  7:41  Widow Mine x2  
  122  7:45  Barracks  
  122  7:47  SCV x2, Barracks  
  122  7:48  Barracks  
  122  7:49  Widow Mine  
  122  7:50  SCV  
  125  7:53  Supply Depot  
  125  8:01  Barracks Reactor x2  
  125  8:02  Marine x4, Marauder  
  125  8:03  Widow Mine x2  
  131  8:10  SCV  
  131  8:11  Terran Infantry Weapons Level 2  
  131  8:12  Supply Depot  
  132  8:14  Sensor Tower  
  132  8:17  Widow Mine  
  132  8:19  SCV  
  127  8:24  Terran Infantry Armor Level 2, Widow Mine  
  127  8:25  Marine x2  
  127  8:26  Marine x3  
  132  8:35  Command Center  
  132  8:37  Marine  
  132  8:38  Barracks Tech Lab x3  
  133  8:43  Marine x4  
  133  8:44  Marine x4  
  133  8:46  Medivac x2  
  145  8:51  SCV  
  145  8:53  Refinery  
  145  8:54  Supply Depot  
  145  8:55  Refinery, Marine  
  147  8:57  Marine  
  147  8:58  Marauder x2  
  147  8:59  Concussive Shells  
  147  9:01  Marine x3, Supply Depot  
  147  9:02  Marauder  
  157  9:09  Marine  
  157  9:17  Marine x4, Marauder  
  157  9:18  Medivac  
  157  9:19  Marine  
  157  9:20  Supply Depot  
  157  9:22  Marine  
  157  9:23  Widow Mine, Marauder x2  
  172  9:29  Marauder  
  172  9:37  Widow Mine x2  
  172  9:38  Marine x2  
  168  9:39  Marauder  
  168  9:41  Medivac  
  168  9:44  Supply Depot, Widow Mine, Marauder x2  
  177  9:45  Marine x2  
  177  9:51  Marauder  
  177  9:52  Marine x2  
  169  10:00  Marauder  
  169  10:01  SCV  
  169  10:04  Marine  
  169  10:05  Marine x2, Marauder x2  
  181  10:07  Widow Mine x2  
  181  10:10  Marine, Widow Mine  
  181  10:12  Marauder  
  178  10:14  Marine  
  178  10:17  Marine x2  
  178  10:19  Marine  
  176  10:21  Marauder  
  176  10:22  Marine  
  176  10:23  Marine  
  176  10:27  Marine, Marauder x2  
  151  10:29  Marine  
  151  10:32  Marine  
  151  10:33  Marauder  
  146  10:43  Marauder  
  146  10:45  Marine x3  
  146  10:46  Marine  
  146  10:47  Marine  
  146  10:48  Marauder x2  
  153  10:52  SCV x2  
  153  10:54  SCV  
Show
View Real Time Build Order
Export as new Build Order

Serral Zerg 

Build Orders: Hatch First 

Get SALT Encoding   

  12  0:00  Drone  
  13  0:12  Overlord  
  13  0:17  Drone  
  14  0:30  Drone x2  
  16  0:47  Hatchery  
  15  0:52  Drone  
  15  0:55  Drone  
  17  0:58  Drone  
  18  1:09  Extractor  
  17  1:13  Spawning Pool  
  17  1:17  Drone  
  17  1:20  Drone  
  18  1:28  Drone  
  19  1:38  Drone  
  20  1:49  Drone  
  21  1:59  Queen  
  21  2:00  Queen  
  26  2:01  Zergling x4  
  27  2:10  Overlord  
  27  2:11  Drone  
  28  2:22  Hatchery  
  27  2:26  Drone  
  27  2:31  Drone  
  28  2:37  Spore Crawler  
  28  2:38  Drone  
  28  2:39  Drone  
  28  2:41  Metabolic Boost  
  30  2:47  Queen  
  32  2:52  Overlord  
  32  2:56  Drone  
  32  2:57  Drone  
  34  2:59  Drone  
  34  3:05  Overlord  
  35  3:11  Drone  
  37  3:12  Drone  
  37  3:13  Drone x2  
  37  3:18  Queen  
  41  3:22  Drone x2  
  43  3:27  Queen  
  43  3:33  Drone  
  46  3:35  Queen  
  46  3:39  Overlord  
  46  3:41  Drone  
  49  3:44  Drone x2  
  49  3:46  Drone  
  49  3:47  Drone  
  53  3:50  Drone x2  
  53  3:55  Queen  
  55  4:00  Overlord  
  55  4:02  Drone x2  
  59  4:08  Queen  
  61  4:10  Zergling x4  
  61  4:11  Drone  
  61  4:12  Drone  
  61  4:15  Overlord  
  65  4:18  Queen  
  65  4:24  Zergling x6  
  70  4:26  Overlord  
  70  4:28  Overlord  
  70  4:30  Drone x2  
  72  4:32  Drone  
  72  4:38  Baneling Nest  
  72  4:41  Zergling x4  
  72  4:42  Lair  
  72  4:44  Extractor  
  73  4:46  Drone x2, Overlord  
  73  4:52  Drone x5  
  80  4:57  Zergling x6  
  80  4:58  Zergling x2  
  81  5:00  Zergling x2  
  81  5:02  Queen  
  81  5:06  Zergling x2  
  81  5:07  Zergling x2  
  86  5:11  Drone  
  87  5:15  Zergling x2  
  87  5:17  Drone x2  
  87  5:19  Extractor  
  87  5:20  Drone x3  
  92  5:22  Spore Crawler, Zergling x4  
  92  5:25  Drone  
  92  5:26  Drone  
  95  5:29  Extractor  
  95  5:33  Overlord  
  94  5:37  Baneling x5  
  94  5:38  Zergling x4, Baneling x2  
  94  5:42  Queen  
  98  5:47  Zergling x4, Hatchery  
  98  5:48  Evolution Chamber  
  98  5:49  Evolution Chamber, Overlord  
  96  5:51  Overlord  
  96  5:53  Zergling x4  
  93  5:57  Overlord  
  93  6:01  Overlord  
  93  6:03  Overlord  
  91  6:05  Drone x3  
  91  6:06  Overseer  
  91  6:09  Centrifical Hooks  
  93  6:11  Drone  
  93  6:12  Drone  
  93  6:15  Zerg Melee Weapons Level 1  
  95  6:20  Drone x2  
  95  6:23  Zerg Ground Armor Level 1  
  95  6:25  Zergling x8  
  100  6:36  Hatchery  
  100  6:37  Zergling x12  
  104  6:45  Pneumatized Carapace  
  104  6:46  Baneling x3  
  104  6:51  Overlord  
  104  6:54  Zergling x8  
  104  7:00  Drone x4  
  112  7:01  Drone, Hydralisk Den  
  112  7:02  Drone x2  
  112  7:03  Extractor  
  112  7:06  Drone  
  114  7:09  Spore Crawler  
  114  7:10  Baneling x3  
  114  7:14  Zergling x10  
  114  7:15  Zergling x6  
  121  7:16  Overseer  
  121  7:22  Overlord  
  107  7:46  Drone x2, Grooved Spines  
  107  7:47  Drone x9  
  107  7:48  Spore Crawler, Drone x3  
  107  7:49  Queen  
  122  7:53  Baneling x3  
  112  7:59  Drone x4  
  112  8:01  Baneling x3  
  112  8:05  Drone x2  
  117  8:07  Drone  
  119  8:12  Drone  
  119  8:13  Drone x6  
  119  8:14  Drone x2  
  119  8:15  Drone  
  119  8:18  Overlord  
  125  8:24  Spore Crawler, Drone  
  125  8:25  Drone  
  125  8:26  Spore Crawler, Drone x3  
  127  8:34  Zergling x10  
  132  8:38  Zerg Melee Weapons Level 2, Zerg Ground Armor Level 2  
  132  8:43  Infestation Pit  
  132  8:45  Zergling x12  
  132  8:57  Zergling x26  
  132  8:58  Muscular Augments  
  145  9:05  Baneling x7  
  145  9:07  Drone  
  145  9:08  Overlord  
  145  9:13  Baneling x4  
  145  9:14  Drone x2  
  145  9:21  Hydralisk x7  
  159  9:25  Baneling x6  
  159  9:26  Extractor  
  139  9:39  Zergling x22  
  139  9:40  Overseer  
  139  9:45  Zergling x12  
  151  9:50  Zergling x6  
  151  9:52  Burrow  
  153  9:55  Zergling x8  
  157  10:03  Lurker Den  
  157  10:05  Zergling x8  
  160  10:08  Baneling x5  
  160  10:11  Zergling x2  
  160  10:12  Zergling x2  
  144  10:15  Zergling x4  
  144  10:18  Baneling x8  
  138  10:21  Zergling x2  
  138  10:22  Zergling x8  
  138  10:28  Zergling x4  
  123  10:31  Baneling x4, Hydralisk x5  
  123  10:32  Hydralisk  
  133  10:41  Zergling x12  
  124  10:44  Zergling x2  
  124  10:45  Overseer  
  124  10:46  Spore Crawler  
  120  10:51  Zergling x8  
  120  10:53  Baneling x5  
  123  10:57  Zergling x6  
Tags
 
Add a new tag
Caveats
  • Supply blocks, unpowered buildings, or Contaminate may cause inaccurate times.
  • Supply counts are checked every 10 seconds.